 Dungeon Crawl Stone Soup version 0.16-a0-4020-g6ff35b5 (webtiles) character file.

72 Chiseanne the Skirmisher (level 4, -3/49 HPs)
             Began as an Ogre Monk on Feb 17, 2015.
             Slain by an orc priest
             ... wielding a +0 dagger
              (5 damage)
             ... on level 3 of the Dungeon.
             The game lasted 00:07:07 (2405 turns).

Chiseanne the Skirmisher (Ogre Monk)                Turns: 2405, Time: 00:07:07

Health: -3/49      AC:  4    Str: 16    XL:     4   Next: 25%
Magic:  4/4        EV: 11    Int:  9    God:
Gold:   59         SH:  0    Dex: 13    Spells: 0 memorised, 3 levels left

rFire  . . .     SeeInvis .       - Unarmed
rCold  . . .     Clarity  .     a - +0 robe
rNeg   . . .     SustAb   .     (shield restricted)
rPois  .         Gourm    .     (helmet restricted)
rElec  .         Spirit   .     l - +0 cloak
rCorr  .         Warding  .     (gloves unavailable)
rMut   .         Stasis   .     (boots unavailable)
MR     +....                    (no amulet)
Stlth  ++........               (no ring)
                                m - ring of protection from magic

@: very slightly contaminated, invisible, somewhat resistant to hostile
enchantments, unstealthy
A: unfitting armour, tough skin 1
a: no special abilities


You were on level 3 of the Dungeon.
You were not hungry.

You visited 1 branch of the dungeon, and saw 3 of its levels.

You collected 59 gold pieces.

Inventory:

Hand weapons
 e - a +1 club
Missiles
 h - 5 tomahawks (quivered)
 j - 6 needles of sleeping
Armour
 a - a +0 robe (worn)
 l - a +0 cloak (worn)
Jewellery
 m - a ring of protection from magic (left hand)
 r - an uncursed ring of ice
Scrolls
 g - 2 scrolls of identify
 i - a scroll of fog
 n - a scroll of teleportation
 q - 3 scrolls of enchant weapon
Potions
 d - a potion of invisibility
 f - a potion of heal wounds
 k - a potion of resistance
 o - a potion of might
Comestibles
 b - 3 meat rations
 c - a bread ration
 p - a slice of pizza


   Skills:
 * Level 4.8 Fighting
 * Level 0.7 Throwing
 * Level 4.0 Dodging
 - Level 1.5 Stealth
 - Level 3.6 Unarmed Combat


You had 3 spell levels left.
You didn't know any spells.

Dungeon Overview and Level Annotations

Branches:
Dungeon (3/15)

Altars:
Trog

Annotations:
D:3 Charly's ghost, average GrSk


Innate Abilities, Weirdness & Mutations

You are too large for most types of armour.
You have tough skin (AC +1).


Message History

The orc priest closely misses you.
You hit the orc priest.
The orc priest is moderately wounded.
The orc priest hits you but does no damage.
You hit the orc priest.
The orc priest is moderately wounded.
The orc priest closely misses you.
You barely miss the orc priest.
The orc priest is moderately wounded.
The orc priest hits you but does no damage.
You miss the orc priest.
The orc priest is moderately wounded.
Charly's ghost hits you. The orc priest hits you with a dagger.
* * * LOW HITPOINT WARNING * * *
You hit the orc priest.
The orc priest is severely wounded.
Charly's ghost hits you!
* * * LOW HITPOINT WARNING * * *
The orc priest hits you with a dagger.
You die...

......# #...############.###
......########..............#.# #
#'##........###############.#.# #
..*#........'....,,,,,,,,,#.#.###
#**#........#############,#.#..##
**##........# #.)).....#,#.##.##
+..'........# #.######.#,#.##.##
*###......).# #.#<...#.#,#.##.##
* #.####'######@#....#.#,#.##..#
* #.#.........oW#.####.#,#.###.#
***#.#...........#......#,#.# #..
,....'...........########,#.# ##.
,,..##...................,#.# #.
,,.,,#..........##...###**#.#####
**,,,#..........#*.o.#* #......
,,,,..............,..$# #######
,,,,............).,.o.#


You could see an orc priest and Charly's ghost.

Vanquished Creatures
  2 gnolls (D:2)
  A worm (D:2)
  3 orcs (D:3)
  6 hobgoblins
  A quokka (D:2)
  5 bats
  5 giant cockroaches
  4 giant newts
  5 goblins
  5 kobolds
  8 rats
45 creatures vanquished.

Notes
Turn   | Place    | Note
--------------------------------------------------------------
     0 | D:1      | Chiseanne, the Ogre Monk, began the quest for the Orb.
     0 | D:1      | Reached XP level 1. HP: 24/24 MP: 1/1
   349 | D:1      | Reached XP level 2. HP: 32/32 MP: 2/2
  1031 | D:2      | Reached XP level 3. HP: 36/40 MP: 3/3
  1571 | D:2      | Reached XP level 4. HP: 17/49 MP: 4/4
  1591 | D:3      | Found a bloodstained altar of Trog.
  2265 | D:3      | Noticed Charly's ghost (average GrSk)
  2405 | D:3      | HP: 2/49 [Charly's ghost (10)]
  2405 | D:3      | Slain by an orc priest

Action                   |  1- 3 |  4- 6 || total
-------------------------+-------+-------++-------
Melee: Unarmed           |   168 |    49 ||   217
  Use: Scroll            |     1 |    12 ||    13
       Potion            |       |     2 ||     2
 Stab: Sleeping          |     1 |       ||     1
       Invisible         |       |     1 ||     1
  Eat: Chunk             |     2 |       ||     2
       Fruit             |       |     4 ||     4
